[ AOE2 MATCH · #483615976 ]
UnrankedKoreans vs Romans
[ REPLAY ANALYSIS · EXTRACTED FROM THE RECORDED GAME ]
Feudal
12:11
Castle
16:06
Imperial
—
| APM avg | 42.1 |
| APM peak | 80 |
| eAPM avg | 13.5 |
| Villagers / military | 84 / 58 |
Focus
⚔️ 34.1% · 🌾 65.9%
War Wagon ×50 · Monk ×4 · Iron Pagoda ×4
Feudal
11:16
Castle
26:57
Imperial
—
| APM avg | 48.8 |
| APM peak | 97 |
| eAPM avg | 20.5 |
| Villagers / military | 81 / 49 |
Focus
⚔️ 32.3% · 🌾 67.7%
Archer ×42 · Scorpion ×3 · Battering Ram ×2 · Mangonel ×1 · Spearman ×1
Feudal
13:02
Castle
16:36
Imperial
32:46
| APM avg | 26.0 |
| APM peak | 57 |
| eAPM avg | 17.0 |
| Villagers / military | 151 / 47 |
Focus
⚔️ 21.3% · 🌾 78.7%
Boyar ×47
Feudal
13:04
Castle
17:42
Imperial
—
| APM avg | 66.0 |
| APM peak | 123 |
| eAPM avg | 33.7 |
| Villagers / military | 117 / 86 |
Focus
⚔️ 44.8% · 🌾 55.2%
Ratha (Ranged) ×71 · Fishing Ship ×30 · Demolition Raft ×8 · Monk ×7
Feudal
12:21
Castle
16:20
Imperial
—
| APM avg | 35.4 |
| APM peak | 59 |
| eAPM avg | 17.5 |
| Villagers / military | 64 / 50 |
Focus
⚔️ 30.4% · 🌾 69.6%
Arambai ×50
Feudal
12:11
Castle
17:18
Imperial
—
| APM avg | 36.3 |
| APM peak | 80 |
| eAPM avg | 17.7 |
| Villagers / military | 130 / 49 |
Focus
⚔️ 33.2% · 🌾 66.8%
Archer ×32 · Skirmisher ×11 · Chu Ko Nu ×4 · Iron Pagoda ×2
Feudal
13:28
Castle
25:00
Imperial
—
| APM avg | 55.7 |
| APM peak | 117 |
| eAPM avg | 25.1 |
| Villagers / military | 155 / 121 |
Focus
⚔️ 42.0% · 🌾 58.0%
Archer ×97 · Spearman ×24
Feudal
10:22
Castle
19:31
Imperial
—
| APM avg | 38.4 |
| APM peak | 67 |
| eAPM avg | 20.3 |
| Villagers / military | 150 / 54 |
Focus
⚔️ 26.6% · 🌾 73.4%
Shrivamsha Rider ×38 · Scorpion ×7 · Scout Cavalry ×7 · Spearman ×2
Match map
Initial resources + every placement click. Lines = walls · curves = elevation contours. ◆ gold · ⬟ stone · ● berries · ✦ relic · ◌ wall gap
Your base· Open — 7t gap
Juniur_Theos's base· Open — unwalled flank
istakoski's base· Open — unwalled flank
Uykusuz_AnTiMeTaIsT's base· Open — 6t gap
ONBAŞI YAMTAR's base· Open — 4t gap
nikita's base· Open — unwalled flank
DuhuluDubrisi's base· Open — unwalled flank
Duhuulu Cenker's base· Open — 6t gap
Smoothed initial terrain · ◌ = detected wall gap · hover for details
Inputs per minute
— ATABEY - - Juniur_Theos
Build order — ATABEY
First 150 of 202 actions detected
| 0:05 | Build | Town Center |
| 2:31 | Build | House |
| 2:31 | Create | Villager (Male) |
| 2:31 | Create | Villager (Male) |
| 2:32 | Create | Villager (Male) |
| 2:42 | Create | Villager (Male) |
| 3:44 | Build | House |
| 3:57 | Create | Villager (Male) |
| 4:32 | Create | Villager (Male) |
| 4:42 | Build | House |
| 4:54 | Create | Villager (Male) |
| 5:12 | Build | Lumber Camp |
| 5:18 | Create | Villager (Male) |
| 5:18 | Create | Villager (Male) |
| 6:04 | Build | House |
| 6:14 | Create | Villager (Male) |
| 6:15 | Create | Villager (Male) |
| 6:34 | Create | Villager (Male) |
| 6:34 | Create | Villager (Male) |
| 7:50 | Create | Villager (Male) |
| 8:00 | Create | Villager (Male) |
| 8:11 | Build | House |
| 8:41 | Create | Villager (Male) |
| 9:08 | Create | Villager (Male) |
| 9:13 | Create | Villager (Male) |
| 9:20 | Build | Mill |
| 9:44 | Research | Feudal Age |
| 10:08 | Build | House |
| 10:59 | Create | Villager (Male) |
| 10:59 | Create | Villager (Male) |
| 11:28 | Build | Palisade Gate |
| 11:42 | Build | Palisade Wall |
| 12:08 | Create | Villager (Male) |
| 12:11 | Age | Feudal Age |
| 12:13 | Build | Market |
| 12:20 | Create | Villager (Male) |
| 12:24 | Build | Blacksmith |
| 13:26 | Research | Castle Age |
| 14:58 | Research | Double-Bit Axe |
| 15:28 | Build | Palisade Wall |
| 15:31 | Build | Palisade Wall |
| 15:36 | Build | Palisade Wall |
| 15:49 | Build | Palisade Wall |
| 15:54 | Build | Palisade Wall |
| 15:58 | Create | Villager (Male) |
| 15:59 | Create | Villager (Male) |
| 16:03 | Build | Palisade Wall |
| 16:06 | Age | Castle Age |
| 16:10 | Build | Castle |
| 16:16 | Research | Loom |
| 16:38 | Create | Villager (Male) |
| 16:43 | Build | Mining Camp |
| 16:44 | Create | Villager (Male) |
| 17:03 | Create | War Wagon |
| 17:20 | Create | Villager (Male) |
| 17:34 | Create | War Wagon |
| 17:38 | Create | Villager (Male) |
| 17:38 | Create | Villager (Male) |
| 17:57 | Create | Villager (Male) |
| 18:22 | Create | Villager (Male) |
| 18:25 | Build | Siege Workshop |
| 18:30 | Create | War Wagon |
| 18:31 | Create | Villager (Male) |
| 18:32 | Create | Villager (Male) |
| 18:43 | Create | Villager (Male) |
| 18:51 | Create | Villager (Male) |
| 18:52 | Create | War Wagon |
| 19:16 | Create | War Wagon |
| 19:17 | Create | Villager (Male) |
| 19:27 | Create | Iron Pagoda |
| 19:39 | Build | House |
| 19:40 | Create | Villager (Male) |
| 19:40 | Create | Villager (Male) |
| 20:01 | Create | Villager (Male) |
| 20:02 | Create | Villager (Male) |
| 20:06 | Create | War Wagon |
| 20:23 | Create | Villager (Male) |
| 20:28 | Build | Farm |
| 20:48 | Create | War Wagon |
| 20:57 | Create | Villager (Male) |
| 21:00 | Build | Farm |
| 21:03 | Create | Villager (Male) |
| 21:29 | Create | War Wagon |
| 21:31 | Create | Villager (Male) |
| 21:55 | Create | Villager (Male) |
| 21:59 | Build | Farm |
| 22:06 | Create | War Wagon |
| 22:18 | Create | Villager (Male) |
| 22:23 | Build | Farm |
| 22:24 | Build | Farm |
| 22:55 | Create | War Wagon |
| 23:06 | Build | Farm |
| 23:18 | Research | Fletching |
| 23:19 | Create | War Wagon |
| 23:28 | Create | Villager (Male) |
| 23:30 | Build | Farm |
| 23:35 | Create | Villager (Male) |
| 23:42 | Create | War Wagon |
| 23:48 | Create | Villager (Male) |
| 24:03 | Create | War Wagon |
| 24:17 | Create | War Wagon |
| 24:19 | Create | Villager (Male) |
| 24:56 | Create | War Wagon |
| 24:58 | Create | Villager (Male) |
| 25:01 | Build | Monastery |
| 25:17 | Create | War Wagon |
| 25:20 | Create | Villager (Male) |
| 25:37 | Create | Monk |
| 25:40 | Create | Villager (Male) |
| 25:43 | Create | War Wagon |
| 26:12 | Create | Villager (Male) |
| 26:14 | Build | House |
| 26:32 | Create | War Wagon |
| 26:33 | Create | Villager (Male) |
| 26:35 | Build | House |
| 26:41 | Create | War Wagon |
| 26:55 | Build | Town Center |
| 26:58 | Create | War Wagon |
| 26:59 | Create | Villager (Male) |
| 27:09 | Research | Horse Collar |
| 27:09 | Research | Horse Collar |
| 27:11 | Create | Monk |
| 27:35 | Create | War Wagon |
| 27:37 | Create | Villager (Male) |
| 27:52 | Create | War Wagon |
| 28:17 | Create | War Wagon |
| 28:23 | Create | War Wagon |
| 28:28 | Create | Villager (Male) |
| 28:28 | Create | Villager (Male) |
| 28:33 | Build | House |
| 28:43 | Create | War Wagon |
| 28:46 | Build | House |
| 28:52 | Build | Farm |
| 28:53 | Build | Farm |
| 29:02 | Create | Villager (Male) |
| 29:14 | Create | Monk |
| 29:16 | Create | Villager (Male) |
| 29:29 | Build | Farm |
| 29:34 | Create | Monk |
| 29:35 | Create | Villager (Male) |
| 29:45 | Build | Mining Camp |
| 29:57 | Build | University |
| 30:09 | Create | War Wagon |
| 30:10 | Create | Villager (Male) |
| 30:35 | Create | War Wagon |
| 30:53 | Create | Villager (Male) |
| 30:54 | Create | Villager (Male) |
| 30:55 | Create | Villager (Male) |
| 30:59 | Research | Ballistics |
| 31:14 | Create | Villager (Male) |
Build order — Juniur_Theos
First 150 of 233 actions detected
| 0:10 | Build | Town Center |
| 0:12 | Build | House |
| 2:22 | Create | Villager (Male) |
| 2:22 | Create | Villager (Male) |
| 2:25 | Create | Villager (Male) |
| 2:27 | Create | Villager (Male) |
| 2:55 | Build | House |
| 3:51 | Build | Palisade Wall |
| 3:53 | Build | Palisade Wall |
| 3:54 | Build | Palisade Wall |
| 3:56 | Build | Palisade Wall |
| 4:06 | Create | Villager (Male) |
| 4:06 | Create | Villager (Male) |
| 4:13 | Build | House |
| 4:43 | Create | Villager (Male) |
| 4:48 | Create | Villager (Male) |
| 5:09 | Create | Villager (Male) |
| 5:22 | Build | Lumber Camp |
| 5:37 | Create | Villager (Male) |
| 6:00 | Create | Villager (Male) |
| 6:03 | Build | House |
| 6:15 | Create | Villager (Male) |
| 6:45 | Create | Villager (Male) |
| 7:19 | Build | Mill |
| 7:20 | Create | Villager (Male) |
| 7:50 | Create | Villager (Male) |
| 8:22 | Research | Loom |
| 8:52 | Research | Feudal Age |
| 9:18 | Build | Barracks |
| 9:30 | Build | House |
| 10:29 | Create | Villager (Male) |
| 10:45 | Build | Palisade Wall |
| 10:58 | Create | Villager (Male) |
| 11:16 | Age | Feudal Age |
| 11:19 | Build | Archery Range |
| 11:24 | Create | Villager (Male) |
| 11:27 | Research | Double-Bit Axe |
| 11:38 | Build | House |
| 11:47 | Create | Villager (Male) |
| 11:54 | Build | Mining Camp |
| 12:20 | Create | Villager (Male) |
| 12:23 | Create | Archer |
| 12:24 | Create | Archer |
| 12:37 | Build | Blacksmith |
| 12:53 | Create | Archer |
| 12:53 | Create | Archer |
| 12:55 | Create | Villager (Male) |
| 13:01 | Create | Archer |
| 13:09 | Create | Spearman |
| 13:18 | Create | Archer |
| 13:24 | Create | Villager (Male) |
| 13:26 | Build | House |
| 13:29 | Create | Archer |
| 13:40 | Create | Archer |
| 13:51 | Create | Villager (Male) |
| 13:52 | Create | Archer |
| 14:14 | Create | Villager (Male) |
| 14:22 | Build | Watch Tower |
| 14:37 | Build | Watch Tower |
| 14:38 | Create | Villager (Male) |
| 14:42 | Create | Archer |
| 14:51 | Build | House |
| 14:54 | Create | Villager (Male) |
| 14:57 | Create | Archer |
| 15:19 | Build | Watch Tower |
| 15:20 | Create | Villager (Male) |
| 15:21 | Create | Archer |
| 15:29 | Build | House |
| 15:30 | Build | Palisade Wall |
| 15:33 | Build | House |
| 15:35 | Build | Palisade Wall |
| 15:45 | Create | Villager (Male) |
| 15:51 | Build | Farm |
| 15:51 | Build | Farm |
| 15:51 | Build | Farm |
| 15:55 | Create | Archer |
| 16:11 | Build | Farm |
| 16:14 | Create | Villager (Male) |
| 16:27 | Build | Watch Tower |
| 16:31 | Create | Archer |
| 16:44 | Build | Farm |
| 16:45 | Build | Farm |
| 16:46 | Build | Farm |
| 17:02 | Create | Archer |
| 17:05 | Create | Villager (Male) |
| 17:14 | Build | Watch Tower |
| 17:19 | Create | Archer |
| 17:27 | Create | Archer |
| 17:30 | Create | Villager (Male) |
| 17:32 | Build | Farm |
| 17:53 | Create | Villager (Male) |
| 18:03 | Create | Archer |
| 18:08 | Create | Villager (Male) |
| 18:36 | Create | Villager (Male) |
| 18:38 | Build | Market |
| 18:44 | Create | Archer |
| 19:10 | Build | House |
| 19:11 | Create | Villager (Male) |
| 19:21 | Build | House |
| 19:44 | Research | Fletching |
| 19:55 | Create | Archer |
| 20:06 | Create | Villager (Male) |
| 20:07 | Create | Villager (Male) |
| 20:15 | Create | Villager (Male) |
| 20:20 | Create | Archer |
| 20:25 | Create | Villager (Male) |
| 20:37 | Create | Archer |
| 20:39 | Create | Villager (Male) |
| 21:00 | Create | Villager (Male) |
| 21:35 | Create | Villager (Male) |
| 21:40 | Create | Villager (Male) |
| 21:55 | Build | Farm |
| 21:58 | Build | Farm |
| 21:59 | Build | Farm |
| 22:07 | Create | Villager (Male) |
| 22:20 | Build | Watch Tower |
| 22:32 | Create | Archer |
| 22:34 | Create | Villager (Male) |
| 22:35 | Build | Farm |
| 22:38 | Build | Farm |
| 23:01 | Create | Archer |
| 23:03 | Create | Villager (Male) |
| 23:07 | Create | Archer |
| 23:09 | Create | Villager (Male) |
| 23:14 | Build | House |
| 23:33 | Build | Farm |
| 23:36 | Build | Mill |
| 23:37 | Create | Villager (Male) |
| 23:49 | Build | Watch Tower |
| 23:50 | Create | Villager (Male) |
| 24:17 | Research | Castle Age |
| 24:28 | Build | House |
| 24:29 | Build | House |
| 24:29 | Build | House |
| 24:31 | Build | House |
| 24:50 | Build | Lumber Camp |
| 24:52 | Create | Archer |
| 24:55 | Research | Padded Archer Armor |
| 25:12 | Build | Farm |
| 25:12 | Build | Farm |
| 25:51 | Research | Gold Mining |
| 25:54 | Build | House |
| 26:12 | Create | Villager (Male) |
| 26:24 | Build | House |
| 26:30 | Build | Palisade Gate |
| 26:34 | Create | Villager (Male) |
| 26:37 | Build | Farm |
| 26:38 | Build | Farm |
| 26:40 | Build | Farm |
| 26:46 | Build | Farm |
Build order — istakoski
First 150 of 233 actions detected
| 0:10 | Build | Town Center |
| 2:31 | Build | House |
| 2:31 | Create | Villager (Male) |
| 2:32 | Create | Villager (Male) |
| 2:32 | Create | Villager (Male) |
| 2:32 | Create | Villager (Male) |
| 3:35 | Build | House |
| 3:40 | Create | Villager (Male) |
| 4:17 | Build | Lumber Camp |
| 4:28 | Create | Villager (Male) |
| 4:42 | Build | House |
| 4:48 | Create | Villager (Male) |
| 4:57 | Build | Palisade Wall |
| 5:03 | Create | Villager (Male) |
| 5:13 | Build | Palisade Wall |
| 5:45 | Create | Villager (Male) |
| 6:15 | Create | Villager (Male) |
| 6:37 | Build | House |
| 6:38 | Create | Villager (Male) |
| 6:55 | Create | Villager (Male) |
| 6:58 | Build | House |
| 7:19 | Create | Villager (Male) |
| 7:28 | Build | Mill |
| 7:36 | Create | Villager (Male) |
| 8:13 | Build | House |
| 8:17 | Build | House |
| 8:22 | Create | Villager (Male) |
| 8:31 | Build | House |
| 8:39 | Create | Villager (Male) |
| 9:02 | Create | Villager (Male) |
| 9:33 | Create | Villager (Male) |
| 9:56 | Create | Villager (Male) |
| 9:56 | Create | Villager (Male) |
| 10:05 | Build | Mining Camp |
| 10:33 | Research | Feudal Age |
| 11:26 | Build | House |
| 12:29 | Create | Villager (Male) |
| 12:29 | Create | Villager (Male) |
| 12:39 | Build | Palisade Wall |
| 12:42 | Build | Palisade Wall |
| 13:02 | Age | Feudal Age |
| 13:04 | Build | Blacksmith |
| 13:06 | Build | Market |
| 13:09 | Build | House |
| 13:57 | Research | Castle Age |
| 14:34 | Build | Watch Tower |
| 15:50 | Build | Lumber Camp |
| 16:01 | Create | Villager (Male) |
| 16:10 | Build | Mining Camp |
| 16:25 | Research | Double-Bit Axe |
| 16:36 | Age | Castle Age |
| 16:54 | Create | Villager (Male) |
| 17:21 | Build | Town Center |
| 17:22 | Create | Villager (Male) |
| 17:36 | Research | Stone Mining |
| 17:42 | Research | Bow Saw |
| 17:53 | Create | Villager (Male) |
| 18:05 | Research | Loom |
| 18:06 | Create | Villager (Male) |
| 18:30 | Build | Town Center |
| 18:32 | Create | Villager (Male) |
| 18:38 | Create | Villager (Male) |
| 18:48 | Build | House |
| 18:50 | Build | House |
| 18:52 | Build | House |
| 18:54 | Build | House |
| 19:01 | Create | Villager (Male) |
| 19:07 | Build | Farm |
| 19:09 | Build | Farm |
| 19:17 | Build | Farm |
| 19:30 | Build | House |
| 19:31 | Build | House |
| 19:38 | Build | Farm |
| 19:46 | Build | Farm |
| 19:52 | Build | Farm |
| 19:56 | Build | Farm |
| 20:11 | Build | Farm |
| 20:13 | Create | Villager (Male) |
| 20:16 | Build | Farm |
| 20:21 | Build | Farm |
| 20:31 | Build | Farm |
| 20:36 | Create | Villager (Male) |
| 20:40 | Build | Farm |
| 20:45 | Build | Farm |
| 20:51 | Build | Farm |
| 20:58 | Build | Farm |
| 20:59 | Create | Villager (Male) |
| 20:59 | Create | Villager (Male) |
| 21:02 | Create | Villager (Male) |
| 21:09 | Build | Farm |
| 21:22 | Create | Villager (Male) |
| 21:29 | Build | Farm |
| 21:30 | Create | Villager (Male) |
| 21:46 | Create | Villager (Male) |
| 21:52 | Build | Farm |
| 21:56 | Create | Villager (Male) ×2 |
| 22:09 | Build | Farm |
| 22:09 | Build | Farm |
| 22:10 | Build | Farm |
| 22:10 | Build | Farm |
| 22:18 | Create | Villager (Male) ×3 |
| 22:18 | Create | Villager (Male) ×3 |
| 22:21 | Build | Farm |
| 22:23 | Build | Farm |
| 22:26 | Create | Villager (Male) |
| 22:36 | Build | Farm |
| 22:41 | Create | Villager (Male) |
| 22:46 | Research | Horse Collar |
| 22:54 | Build | Farm |
| 22:56 | Create | Villager (Male) |
| 23:05 | Create | Villager (Male) |
| 23:08 | Create | Villager (Male) |
| 23:08 | Create | Villager (Male) |
| 23:13 | Build | Farm |
| 23:16 | Build | Farm |
| 23:17 | Create | Villager (Male) ×2 |
| 23:24 | Create | Villager (Male) |
| 23:26 | Build | Farm |
| 23:32 | Create | Villager (Male) |
| 23:39 | Create | Villager (Male) |
| 23:54 | Research | Wheelbarrow |
| 24:09 | Create | Villager (Male) ×2 |
| 24:18 | Research | Heavy Plow |
| 24:28 | Build | Farm |
| 24:32 | Create | Villager (Male) ×3 |
| 24:40 | Build | Town Center |
| 24:58 | Create | Villager (Male) ×5 |
| 25:14 | Research | Town Watch |
| 25:14 | Create | Villager (Male) ×4 |
| 25:49 | Build | Mining Camp |
| 25:49 | Create | Villager (Male) ×5 |
| 26:03 | Research | Hand Cart |
| 26:12 | Create | Villager (Male) ×4 |
| 26:17 | Build | Farm |
| 26:18 | Build | Farm |
| 26:23 | Build | Farm |
| 26:29 | Build | Farm |
| 26:31 | Build | Farm |
| 26:35 | Build | Farm |
| 26:36 | Create | Villager (Male) ×5 |
| 26:37 | Create | Villager (Male) ×5 |
| 26:51 | Create | Villager (Male) ×3 |
| 26:56 | Build | Farm |
| 26:56 | Build | Farm |
| 27:00 | Build | Farm |
| 27:02 | Build | Farm |
| 27:03 | Create | Villager (Male) ×3 |
| 27:16 | Build | House |
| 27:21 | Build | House |
| 27:26 | Build | House |
Build order — Uykusuz_AnTiMeTaIsT
First 150 of 327 actions detected
| 0:10 | Build | Town Center |
| 0:13 | Build | House |
| 1:55 | Build | Palisade Wall |
| 1:56 | Build | Palisade Wall |
| 2:05 | Build | Palisade Wall |
| 2:05 | Build | Palisade Wall |
| 2:07 | Build | Palisade Wall |
| 2:07 | Build | Palisade Wall |
| 2:23 | Create | Villager (Male) |
| 2:24 | Create | Villager (Male) |
| 2:24 | Create | Villager (Male) |
| 2:24 | Create | Villager (Male) |
| 2:48 | Build | Palisade Wall |
| 3:31 | Create | Villager (Male) |
| 3:31 | Create | Villager (Male) |
| 4:04 | Build | Lumber Camp |
| 4:04 | Create | Villager (Male) |
| 4:04 | Create | Villager (Male) |
| 4:30 | Create | Villager (Male) |
| 4:38 | Build | House |
| 4:46 | Build | House |
| 4:48 | Build | House |
| 4:52 | Create | Villager (Male) |
| 4:52 | Create | Villager (Male) |
| 5:48 | Create | Villager (Male) |
| 5:50 | Create | Villager (Male) |
| 6:24 | Build | House |
| 6:39 | Create | Villager (Male) |
| 6:52 | Build | Dock |
| 6:55 | Build | House |
| 7:04 | Create | Villager (Male) |
| 7:10 | Build | House |
| 7:21 | Create | Fishing Ship |
| 7:31 | Create | Villager (Male) |
| 7:31 | Create | Villager (Male) |
| 8:02 | Create | Villager (Male) |
| 8:02 | Create | Villager (Male) |
| 8:03 | Create | Villager (Male) |
| 8:03 | Create | Fishing Ship |
| 8:06 | Build | House |
| 8:32 | Build | House |
| 8:49 | Create | Villager (Male) |
| 8:58 | Create | Villager (Male) |
| 9:00 | Create | Fishing Ship |
| 9:03 | Build | House |
| 9:43 | Create | Fishing Ship |
| 9:48 | Build | House |
| 10:00 | Create | Villager (Male) |
| 10:09 | Create | Villager (Male) |
| 10:47 | Create | Fishing Ship |
| 10:54 | Research | Feudal Age |
| 11:04 | Build | Mining Camp |
| 11:18 | Create | Villager (Male) |
| 12:09 | Create | Villager (Male) |
| 12:44 | Create | Villager (Male) |
| 13:04 | Age | Feudal Age |
| 13:05 | Create | Villager (Male) |
| 13:18 | Create | Villager (Male) |
| 13:33 | Build | Mill |
| 13:34 | Create | Villager (Male) |
| 13:39 | Build | House |
| 14:12 | Build | Stone Wall |
| 14:16 | Build | Market |
| 14:19 | Build | Blacksmith |
| 14:22 | Create | Villager (Male) |
| 14:24 | Research | Loom |
| 14:33 | Build | Fish Trap |
| 14:41 | Build | Fish Trap |
| 14:47 | Build | Fish Trap |
| 15:02 | Research | Castle Age |
| 15:05 | Build | Mining Camp |
| 15:38 | Build | Palisade Wall |
| 15:42 | Create | Villager (Male) |
| 15:43 | Build | Palisade Wall |
| 15:52 | Build | Fish Trap |
| 16:04 | Research | Double-Bit Axe |
| 16:04 | Research | Double-Bit Axe |
| 16:09 | Create | Villager (Male) |
| 16:14 | Build | Palisade Wall |
| 16:16 | Build | Palisade Wall |
| 16:17 | Build | Palisade Wall |
| 16:18 | Build | Palisade Wall |
| 16:28 | Build | Fish Trap |
| 16:40 | Create | Demolition Raft |
| 16:51 | Research | Tech 906 |
| 16:59 | Research | Fletching |
| 17:41 | Create | Villager (Male) |
| 17:41 | Create | Villager (Male) |
| 17:42 | Age | Castle Age |
| 17:48 | Build | Castle |
| 18:00 | Create | Villager (Male) |
| 18:23 | Create | Demolition Raft |
| 18:43 | Create | Ratha (Ranged) |
| 18:44 | Create | Ratha (Ranged) |
| 18:44 | Create | Ratha (Ranged) |
| 18:50 | Build | Palisade Wall |
| 18:52 | Create | Villager (Male) |
| 18:56 | Create | Villager (Male) |
| 19:05 | Create | Fishing Ship ×5 |
| 19:05 | Create | Fishing Ship ×5 |
| 19:13 | Build | House |
| 19:22 | Create | Ratha (Ranged) |
| 19:28 | Create | Villager (Male) |
| 19:44 | Build | Town Center |
| 19:51 | Build | Fish Trap |
| 20:09 | Build | Palisade Wall |
| 20:11 | Research | Gillnets |
| 20:11 | Research | Gillnets |
| 20:26 | Create | Villager (Male) ×2 |
| 20:35 | Create | Villager (Male) |
| 20:36 | Create | Ratha (Ranged) |
| 20:36 | Create | Ratha (Ranged) |
| 20:57 | Create | Ratha (Ranged) |
| 20:57 | Create | Ratha (Ranged) |
| 20:58 | Create | Villager (Male) ×2 |
| 21:04 | Build | Fish Trap |
| 21:27 | Create | Villager (Male) |
| 21:42 | Create | Demolition Raft |
| 21:43 | Create | Villager (Male) ×2 |
| 21:46 | Create | Fishing Ship |
| 21:47 | Create | Fishing Ship |
| 21:49 | Create | Villager (Male) |
| 22:15 | Build | Lumber Camp |
| 22:21 | Create | Villager (Male) |
| 22:21 | Create | Villager (Male) |
| 22:33 | Build | Fish Trap |
| 22:35 | Create | Villager (Male) ×2 |
| 22:35 | Create | Villager (Male) ×2 |
| 23:00 | Create | Ratha (Ranged) |
| 23:00 | Create | Ratha (Ranged) |
| 23:05 | Create | Villager (Male) ×2 |
| 23:07 | Create | Ratha (Ranged) |
| 23:08 | Create | Ratha (Ranged) |
| 23:19 | Build | Monastery |
| 23:23 | Create | Ratha (Ranged) |
| 23:28 | Create | Villager (Male) ×2 |
| 23:33 | Create | Demolition Raft |
| 23:40 | Build | Fish Trap |
| 23:43 | Create | Villager (Male) ×3 |
| 23:46 | Create | Ratha (Ranged) |
| 23:47 | Create | Ratha (Ranged) |
| 23:55 | Create | Villager (Male) |
| 23:58 | Build | House |
| 23:59 | Build | House |
| 24:03 | Build | House |
| 24:05 | Create | Monk |
| 24:33 | Create | Villager (Male) |
| 24:34 | Create | Villager (Male) |
| 24:35 | Build | House |
| 24:36 | Build | House |
Build order — ONBAŞI YAMTAR
First 150 of 171 actions detected
| 0:14 | Build | Town Center |
| 2:12 | Build | House |
| 2:38 | Create | Villager (Male) |
| 2:38 | Create | Villager (Male) |
| 2:39 | Create | Villager (Male) |
| 2:39 | Create | Villager (Male) |
| 3:02 | Build | House |
| 3:57 | Build | House |
| 4:06 | Build | House |
| 4:16 | Create | Villager (Male) |
| 4:16 | Create | Villager (Male) |
| 4:56 | Create | Villager (Male) |
| 5:18 | Build | House |
| 5:27 | Create | Villager (Male) |
| 5:31 | Build | House |
| 5:37 | Create | Villager (Male) |
| 5:38 | Create | Villager (Male) |
| 6:13 | Create | Villager (Male) |
| 6:31 | Build | House |
| 6:42 | Create | Villager (Male) |
| 6:42 | Create | Villager (Male) |
| 6:45 | Create | Villager (Male) |
| 6:46 | Create | Villager (Male) |
| 6:58 | Create | Villager (Male) |
| 6:58 | Create | Villager (Male) |
| 7:27 | Create | Villager (Male) |
| 8:20 | Create | Villager (Male) |
| 8:37 | Build | Mill |
| 9:11 | Build | House |
| 9:17 | Create | Villager (Male) |
| 9:27 | Build | Mining Camp |
| 9:31 | Create | Villager (Male) |
| 9:50 | Research | Loom |
| 10:11 | Research | Feudal Age |
| 10:48 | Research | Loom |
| 10:49 | Create | Villager (Male) |
| 12:13 | Create | Villager (Male) |
| 12:21 | Age | Feudal Age |
| 12:23 | Build | Market |
| 12:28 | Create | Villager (Male) |
| 13:12 | Create | Villager (Male) |
| 13:14 | Build | Blacksmith |
| 13:40 | Research | Castle Age |
| 13:40 | Research | Castle Age |
| 13:59 | Build | House |
| 14:19 | Build | Outpost |
| 14:55 | Build | Outpost |
| 14:58 | Create | Villager (Male) |
| 15:22 | Build | Outpost |
| 15:24 | Create | Villager (Male) |
| 15:33 | Build | Palisade Wall |
| 15:34 | Build | Palisade Wall |
| 16:20 | Age | Castle Age |
| 16:28 | Build | Castle |
| 16:33 | Create | Villager (Male) |
| 16:40 | Build | Town Center |
| 16:47 | Create | Villager (Male) |
| 18:35 | Create | Arambai |
| 18:35 | Create | Arambai |
| 19:05 | Create | Arambai |
| 19:06 | Create | Arambai |
| 19:17 | Create | Arambai |
| 19:17 | Create | Arambai |
| 19:26 | Build | Farm |
| 19:39 | Create | Arambai |
| 19:39 | Create | Arambai |
| 19:57 | Create | Arambai |
| 19:57 | Create | Arambai |
| 20:04 | Create | Villager (Male) |
| 20:21 | Build | Farm |
| 20:31 | Create | Arambai |
| 20:49 | Create | Arambai |
| 21:09 | Create | Arambai |
| 21:10 | Create | Villager (Male) |
| 21:32 | Create | Arambai |
| 22:04 | Create | Arambai |
| 22:27 | Create | Villager (Male) |
| 22:38 | Create | Villager (Male) |
| 22:42 | Create | Arambai |
| 22:49 | Research | Padded Archer Armor |
| 22:49 | Research | Padded Archer Armor |
| 23:01 | Build | University |
| 23:04 | Create | Villager (Male) |
| 23:21 | Create | Villager (Male) |
| 23:21 | Create | Villager (Male) |
| 23:24 | Create | Arambai |
| 23:30 | Create | Villager (Male) |
| 23:43 | Create | Villager (Male) |
| 23:50 | Create | Arambai |
| 23:50 | Create | Arambai |
| 24:14 | Create | Arambai |
| 24:14 | Create | Arambai |
| 24:25 | Create | Villager (Male) |
| 24:55 | Create | Arambai |
| 24:55 | Create | Arambai |
| 25:01 | Build | Mill |
| 25:07 | Create | Villager (Male) |
| 25:07 | Create | Villager (Male) |
| 25:20 | Create | Arambai |
| 25:20 | Create | Arambai |
| 25:33 | Create | Arambai |
| 25:43 | Build | House |
| 25:45 | Build | House |
| 25:59 | Create | Arambai |
| 26:36 | Create | Arambai |
| 26:37 | Create | Villager (Male) |
| 26:37 | Create | Villager (Male) |
| 26:52 | Create | Villager (Male) |
| 27:09 | Research | Ballistics |
| 27:10 | Create | Villager (Male) |
| 27:19 | Create | Villager (Male) |
| 27:19 | Create | Villager (Male) |
| 27:24 | Create | Arambai |
| 27:24 | Create | Arambai |
| 27:25 | Create | Villager (Male) |
| 27:38 | Create | Villager (Male) |
| 27:45 | Create | Arambai |
| 28:12 | Create | Arambai |
| 28:12 | Create | Arambai |
| 28:18 | Build | House |
| 28:20 | Build | House |
| 28:23 | Build | Lumber Camp |
| 28:30 | Build | House |
| 28:31 | Build | House |
| 28:38 | Create | Villager (Male) |
| 28:51 | Build | Outpost |
| 28:58 | Create | Villager (Male) |
| 29:03 | Build | Farm |
| 29:05 | Build | Farm |
| 29:07 | Create | Villager (Male) |
| 29:11 | Create | Arambai |
| 29:21 | Create | Arambai |
| 29:21 | Create | Arambai |
| 29:31 | Create | Villager (Male) |
| 29:37 | Create | Arambai |
| 29:56 | Create | Arambai |
| 30:18 | Create | Arambai |
| 30:18 | Create | Arambai |
| 30:59 | Create | Villager (Male) |
| 31:06 | Build | Town Center |
| 31:54 | Create | Arambai |
| 31:54 | Create | Arambai |
| 32:02 | Create | Villager (Male) |
| 32:02 | Create | Villager (Male) |
| 32:07 | Create | Arambai |
| 32:57 | Create | Arambai |
| 33:00 | Build | Farm |
| 33:08 | Build | Mill |
| 33:21 | Build | Farm |
| 33:21 | Build | Farm |
Build order — nikita
First 150 of 291 actions detected
| 0:04 | Build | Town Center |
| 2:26 | Research | Loom |
| 3:07 | Create | Villager (Male) |
| 3:34 | Create | Villager (Male) |
| 3:58 | Create | Villager (Male) |
| 4:20 | Create | Villager (Male) |
| 4:53 | Create | Villager (Male) |
| 5:17 | Create | Villager (Male) |
| 5:25 | Create | Villager (Male) |
| 5:47 | Build | House |
| 6:09 | Create | Villager (Male) |
| 6:13 | Build | Mill |
| 6:32 | Create | Villager (Male) |
| 6:59 | Create | Villager (Male) |
| 7:11 | Create | Villager (Male) |
| 7:37 | Create | Villager (Male) |
| 8:09 | Create | Villager (Male) |
| 8:29 | Create | Villager (Male) |
| 8:45 | Build | House |
| 9:06 | Create | Villager (Male) |
| 9:17 | Create | Villager (Male) |
| 9:23 | Build | Lumber Camp |
| 9:25 | Create | Villager (Male) |
| 9:51 | Build | House |
| 9:58 | Research | Feudal Age |
| 11:02 | Build | Barracks |
| 11:06 | Build | Barracks |
| 11:27 | Build | House |
| 11:43 | Build | House |
| 12:06 | Build | House |
| 12:11 | Age | Feudal Age |
| 12:22 | Build | Palisade Gate |
| 12:27 | Create | Villager (Male) |
| 12:29 | Build | Archery Range |
| 12:33 | Research | Double-Bit Axe |
| 12:49 | Create | Villager (Male) |
| 13:10 | Create | Villager (Male) |
| 13:13 | Create | Archer |
| 13:40 | Build | Blacksmith |
| 13:43 | Create | Archer |
| 13:44 | Create | Villager (Male) |
| 14:13 | Create | Villager (Male) |
| 14:33 | Research | Castle Age |
| 14:34 | Research | Castle Age |
| 14:37 | Build | Watch Tower |
| 15:10 | Create | Archer |
| 15:13 | Research | Fletching |
| 15:20 | Build | Archery Range |
| 15:27 | Build | Palisade Wall |
| 15:28 | Build | Palisade Wall |
| 15:29 | Build | Palisade Wall |
| 15:31 | Build | House |
| 15:37 | Create | Archer |
| 16:07 | Create | Archer |
| 16:08 | Create | Archer |
| 16:13 | Research | Padded Archer Armor |
| 16:31 | Build | Mining Camp |
| 16:39 | Create | Archer |
| 16:39 | Create | Archer |
| 17:17 | Create | Archer |
| 17:17 | Create | Archer |
| 17:18 | Age | Castle Age |
| 17:23 | Create | Villager (Male) |
| 17:45 | Research | Crossbowman (upgrade) |
| 17:55 | Create | Villager (Male) |
| 18:16 | Build | Town Center |
| 18:23 | Create | Villager (Male) |
| 18:43 | Create | Villager (Male) |
| 18:47 | Create | Archer |
| 18:47 | Create | Archer |
| 19:25 | Create | Villager (Male) |
| 19:44 | Create | Villager (Male) |
| 20:00 | Create | Villager (Male) |
| 20:01 | Create | Villager (Male) |
| 20:16 | Create | Villager (Male) |
| 20:17 | Create | Archer |
| 20:17 | Create | Archer |
| 20:54 | Create | Villager (Male) |
| 20:59 | Create | Villager (Male) |
| 21:11 | Create | Archer |
| 21:11 | Create | Archer |
| 21:24 | Create | Villager (Male) |
| 21:24 | Create | Villager (Male) |
| 21:42 | Build | Town Center |
| 21:49 | Create | Villager (Male) |
| 21:49 | Create | Villager (Male) |
| 22:09 | Create | Villager (Male) |
| 22:09 | Create | Villager (Male) |
| 22:24 | Create | Archer |
| 22:24 | Create | Archer |
| 22:37 | Build | Market |
| 22:42 | Create | Villager (Male) |
| 23:07 | Create | Villager (Male) |
| 23:07 | Create | Villager (Male) |
| 23:26 | Create | Villager (Male) |
| 23:26 | Create | Villager (Male) |
| 23:30 | Build | House |
| 23:45 | Create | Villager (Male) |
| 23:53 | Build | Mill |
| 23:55 | Create | Villager (Male) |
| 23:55 | Create | Villager (Male) |
| 24:05 | Create | Villager (Male) |
| 24:28 | Create | Villager (Male) |
| 24:28 | Create | Villager (Male) |
| 24:29 | Create | Villager (Male) |
| 24:33 | Create | Villager (Male) |
| 24:36 | Build | Farm |
| 24:43 | Build | Farm |
| 24:43 | Build | Farm |
| 24:44 | Build | Farm |
| 24:45 | Build | Farm |
| 24:47 | Research | Horse Collar |
| 24:49 | Research | Gold Mining |
| 24:49 | Research | Gold Mining |
| 24:55 | Create | Villager (Male) |
| 24:56 | Create | Villager (Male) |
| 25:08 | Build | Farm |
| 25:10 | Build | Farm |
| 25:11 | Build | Farm |
| 25:11 | Build | Farm |
| 25:12 | Create | Villager (Male) |
| 25:21 | Create | Villager (Male) |
| 25:26 | Create | Villager (Male) |
| 25:26 | Create | Villager (Male) |
| 25:30 | Build | Farm |
| 25:33 | Create | Archer |
| 25:33 | Create | Archer |
| 25:34 | Create | Archer |
| 25:34 | Create | Archer |
| 25:44 | Build | Mining Camp |
| 25:48 | Create | Villager (Male) |
| 25:49 | Create | Villager (Male) |
| 26:02 | Create | Villager (Male) |
| 26:03 | Create | Villager (Male) |
| 26:03 | Create | Villager (Male) |
| 26:10 | Research | Bow Saw |
| 26:11 | Research | Bow Saw |
| 26:16 | Research | Heavy Plow |
| 26:25 | Build | Farm |
| 26:29 | Create | Villager (Male) |
| 26:29 | Create | Villager (Male) |
| 26:41 | Create | Villager (Male) |
| 26:47 | Build | House |
| 26:50 | Build | House |
| 26:58 | Create | Archer |
| 26:58 | Create | Archer |
| 26:58 | Create | Archer |
| 26:59 | Create | Villager (Male) |
| 27:01 | Build | House |
| 27:03 | Build | House |
Build order — DuhuluDubrisi
First 150 of 391 actions detected
| 0:17 | Build | Town Center |
| 0:38 | Build | House |
| 2:58 | Create | Villager (Male) |
| 2:58 | Create | Villager (Male) |
| 2:58 | Create | Villager (Male) |
| 2:58 | Create | Villager (Male) |
| 2:58 | Create | Villager (Male) |
| 2:58 | Create | Villager (Male) |
| 4:09 | Build | House |
| 4:10 | Create | Villager (Male) |
| 4:10 | Create | Villager (Male) |
| 4:10 | Create | Villager (Male) |
| 4:47 | Create | Villager (Male) |
| 4:47 | Create | Villager (Male) |
| 4:47 | Create | Villager (Male) |
| 5:23 | Build | Lumber Camp |
| 5:26 | Create | Villager (Male) |
| 5:26 | Create | Villager (Male) |
| 5:26 | Create | Villager (Male) |
| 5:26 | Create | Villager (Male) |
| 5:44 | Create | Villager (Male) |
| 5:45 | Create | Villager (Male) |
| 5:45 | Create | Villager (Male) |
| 5:48 | Build | House |
| 5:59 | Build | House |
| 6:21 | Create | Villager (Male) |
| 6:44 | Create | Villager (Male) |
| 6:45 | Create | Villager (Male) |
| 6:45 | Create | Villager (Male) |
| 7:05 | Build | House |
| 7:10 | Create | Villager (Male) |
| 7:10 | Create | Villager (Male) |
| 7:11 | Create | Villager (Male) |
| 7:42 | Build | House |
| 7:49 | Build | House |
| 7:56 | Create | Villager (Male) |
| 7:56 | Create | Villager (Male) |
| 8:06 | Create | Villager (Male) |
| 8:15 | Build | House |
| 8:59 | Build | House |
| 9:04 | Create | Villager (Male) |
| 9:29 | Build | Mill |
| 9:37 | Create | Villager (Male) |
| 9:37 | Create | Villager (Male) |
| 10:08 | Create | Villager (Male) |
| 10:51 | Research | Loom |
| 10:52 | Research | Feudal Age |
| 11:16 | Build | Mining Camp |
| 12:25 | Create | Villager (Male) |
| 12:25 | Create | Villager (Male) |
| 12:45 | Build | Barracks |
| 13:06 | Build | House |
| 13:17 | Create | Villager (Male) |
| 13:28 | Age | Feudal Age |
| 13:35 | Build | Archery Range |
| 13:38 | Create | Spearman |
| 13:52 | Research | Double-Bit Axe |
| 13:52 | Research | Double-Bit Axe |
| 13:54 | Build | House |
| 14:19 | Create | Archer |
| 14:29 | Create | Villager (Male) |
| 14:34 | Create | Archer |
| 14:46 | Create | Villager (Male) |
| 14:51 | Build | Archery Range |
| 15:05 | Build | Gate |
| 15:09 | Build | Gate |
| 15:10 | Build | House |
| 15:19 | Create | Spearman |
| 15:35 | Create | Archer |
| 15:35 | Create | Archer |
| 15:35 | Create | Archer |
| 15:35 | Create | Archer |
| 15:36 | Create | Archer |
| 15:45 | Create | Villager (Male) |
| 15:45 | Create | Villager (Male) |
| 15:46 | Create | Villager (Male) |
| 15:52 | Create | Villager (Male) |
| 15:53 | Create | Villager (Male) |
| 15:55 | Create | Archer |
| 15:55 | Create | Archer |
| 15:55 | Create | Archer |
| 16:03 | Create | Villager (Male) |
| 16:03 | Create | Villager (Male) |
| 16:09 | Create | Villager (Male) |
| 16:09 | Create | Villager (Male) |
| 16:09 | Create | Villager (Male) |
| 16:15 | Build | Watch Tower |
| 16:30 | Create | Spearman |
| 16:31 | Create | Spearman |
| 16:31 | Create | Villager (Male) |
| 16:31 | Create | Villager (Male) |
| 16:33 | Create | Villager (Male) |
| 16:44 | Create | Villager (Male) |
| 16:45 | Create | Spearman |
| 16:45 | Create | Spearman |
| 16:45 | Create | Spearman |
| 16:45 | Create | Spearman |
| 16:58 | Create | Villager (Male) |
| 17:02 | Create | Spearman |
| 17:02 | Create | Spearman |
| 17:20 | Build | Blacksmith |
| 17:48 | Research | Gold Mining |
| 17:49 | Create | Archer |
| 17:49 | Create | Archer |
| 17:50 | Create | Archer |
| 17:50 | Create | Archer |
| 17:58 | Create | Spearman |
| 18:14 | Build | House |
| 18:14 | Build | House |
| 18:17 | Create | Archer |
| 18:17 | Create | Archer |
| 18:17 | Create | Archer |
| 18:23 | Create | Villager (Male) |
| 18:29 | Build | House |
| 18:29 | Build | House |
| 18:31 | Build | House |
| 18:32 | Build | House |
| 18:46 | Research | Fletching |
| 18:47 | Create | Archer |
| 18:47 | Create | Archer |
| 18:48 | Create | Archer |
| 18:49 | Create | Villager (Male) |
| 18:49 | Create | Villager (Male) |
| 18:50 | Create | Villager (Male) |
| 18:50 | Create | Villager (Male) |
| 19:14 | Create | Archer |
| 19:15 | Create | Archer |
| 19:38 | Create | Archer |
| 19:38 | Create | Archer |
| 19:39 | Create | Villager (Male) |
| 19:39 | Create | Villager (Male) |
| 19:40 | Create | Villager (Male) |
| 20:08 | Build | Farm |
| 20:08 | Build | Farm |
| 20:08 | Build | Farm |
| 20:08 | Build | Farm |
| 20:08 | Build | Farm |
| 20:09 | Build | Farm |
| 20:09 | Build | Farm |
| 20:09 | Build | Farm |
| 20:16 | Build | Market |
| 20:17 | Create | Archer |
| 20:17 | Create | Archer |
| 20:18 | Create | Archer |
| 20:18 | Create | Archer |
| 20:18 | Create | Archer |
| 20:19 | Create | Villager (Male) |
| 20:19 | Create | Villager (Male) |
| 20:20 | Create | Villager (Male) |
| 20:28 | Create | Villager (Male) |
Build order — Duhuulu Cenker
First 150 of 250 actions detected
| 0:03 | Build | Town Center |
| 2:20 | Build | House |
| 2:22 | Create | Villager (Male) |
| 2:23 | Create | Villager (Male) |
| 2:23 | Create | Villager (Male) |
| 2:32 | Create | Villager (Male) |
| 2:33 | Create | Villager (Male) |
| 3:23 | Build | Mill |
| 3:25 | Create | Villager (Male) |
| 4:04 | Create | Villager (Male) |
| 4:20 | Create | Villager (Male) |
| 4:20 | Create | Villager (Male) |
| 4:42 | Build | House |
| 4:43 | Create | Villager (Male) |
| 5:11 | Create | Villager (Male) |
| 5:31 | Create | Villager (Male) |
| 5:32 | Create | Villager (Male) |
| 5:51 | Create | Villager (Male) |
| 6:27 | Build | Lumber Camp |
| 6:54 | Create | Villager (Male) |
| 7:02 | Research | Loom |
| 7:02 | Create | Villager (Male) |
| 7:07 | Build | House |
| 7:14 | Create | Villager (Male) |
| 8:05 | Research | Feudal Age |
| 9:07 | Create | Villager (Male) |
| 9:21 | Build | Barracks |
| 9:55 | Build | House |
| 9:56 | Build | House |
| 10:17 | Create | Villager (Male) |
| 10:22 | Age | Feudal Age |
| 10:50 | Build | Stable |
| 10:58 | Create | Villager (Male) |
| 10:58 | Create | Villager (Male) |
| 11:28 | Create | Spearman |
| 11:38 | Create | Spearman |
| 11:41 | Create | Scout Cavalry |
| 11:41 | Create | Scout Cavalry |
| 11:42 | Create | Scout Cavalry |
| 12:01 | Create | Villager (Male) |
| 12:09 | Build | Mill |
| 12:11 | Create | Villager (Male) |
| 12:18 | Create | Scout Cavalry |
| 12:21 | Create | Scout Cavalry |
| 12:44 | Create | Villager (Male) |
| 13:11 | Create | Villager (Male) |
| 13:14 | Build | Farm |
| 13:17 | Build | Farm |
| 13:19 | Build | Farm |
| 13:31 | Create | Villager (Male) |
| 13:50 | Create | Scout Cavalry |
| 13:50 | Create | Villager (Male) |
| 13:55 | Build | Farm |
| 14:20 | Create | Scout Cavalry |
| 14:36 | Create | Villager (Male) |
| 14:43 | Build | Farm |
| 14:44 | Create | Villager (Male) |
| 14:50 | Build | Mining Camp |
| 15:20 | Create | Villager (Male) |
| 15:33 | Create | Villager (Male) |
| 15:37 | Build | Blacksmith |
| 16:21 | Create | Villager (Male) |
| 16:22 | Create | Villager (Male) |
| 16:31 | Create | Villager (Male) |
| 16:32 | Build | House |
| 16:34 | Build | House |
| 16:51 | Research | Castle Age |
| 16:54 | Create | Villager (Male) |
| 17:07 | Create | Villager (Male) |
| 17:21 | Create | Villager (Male) |
| 17:41 | Build | Stable |
| 17:42 | Research | Scale Barding Armor |
| 18:16 | Research | Double-Bit Axe |
| 18:20 | Build | Lumber Camp |
| 18:55 | Create | Villager (Male) |
| 19:20 | Create | Villager (Male) |
| 19:28 | Research | Forging |
| 19:31 | Age | Castle Age |
| 19:32 | Create | Villager (Male) |
| 19:34 | Create | Shrivamsha Rider ×2 |
| 19:46 | Build | Town Center |
| 19:47 | Create | Villager (Male) |
| 20:07 | Create | Shrivamsha Rider |
| 20:09 | Create | Villager (Male) |
| 20:36 | Create | Villager (Male) |
| 20:42 | Create | Shrivamsha Rider |
| 20:43 | Create | Shrivamsha Rider |
| 20:58 | Create | Villager (Male) |
| 20:58 | Create | Villager (Male) |
| 21:15 | Create | Shrivamsha Rider ×3 |
| 21:25 | Create | Villager (Male) |
| 21:37 | Create | Villager (Male) |
| 21:52 | Create | Shrivamsha Rider ×3 |
| 21:59 | Create | Villager (Male) |
| 22:04 | Build | Town Center |
| 22:16 | Create | Villager (Male) |
| 22:27 | Create | Villager (Male) |
| 22:40 | Create | Villager (Male) |
| 22:41 | Build | House |
| 22:42 | Build | House |
| 22:51 | Create | Villager (Male) |
| 23:10 | Create | Villager (Male) |
| 23:13 | Create | Shrivamsha Rider ×4 |
| 23:18 | Create | Villager (Male) |
| 23:36 | Build | House |
| 23:49 | Create | Villager (Male) |
| 23:49 | Create | Villager (Male) |
| 23:50 | Create | Villager (Male) |
| 23:50 | Create | Villager (Male) |
| 23:51 | Create | Villager (Male) |
| 23:52 | Create | Villager (Male) |
| 23:56 | Build | House |
| 23:57 | Build | House |
| 24:08 | Create | Villager (Male) |
| 24:16 | Create | Villager (Male) |
| 24:18 | Create | Villager (Male) |
| 24:28 | Create | Villager (Male) |
| 24:42 | Create | Villager (Male) |
| 24:42 | Create | Villager (Male) |
| 25:02 | Create | Villager (Male) |
| 25:02 | Create | Villager (Male) |
| 25:03 | Create | Villager (Male) |
| 25:03 | Create | Villager (Male) |
| 25:10 | Research | Bloodlines |
| 25:18 | Build | Farm |
| 25:18 | Build | Farm |
| 25:18 | Build | Farm |
| 25:18 | Build | Farm |
| 25:29 | Create | Villager (Male) |
| 25:32 | Build | Farm |
| 25:40 | Create | Villager (Male) |
| 25:41 | Create | Villager (Male) |
| 25:41 | Create | Villager (Male) |
| 25:42 | Build | House |
| 25:43 | Build | House |
| 25:51 | Create | Villager (Male) |
| 26:00 | Create | Villager (Male) |
| 26:00 | Create | Villager (Male) |
| 26:00 | Create | Villager (Male) |
| 26:02 | Build | House |
| 26:03 | Build | House |
| 26:03 | Build | House |
| 26:15 | Create | Villager (Male) |
| 26:26 | Create | Villager (Male) |
| 26:26 | Create | Villager (Male) |
| 26:38 | Create | Shrivamsha Rider ×5 |
| 26:58 | Create | Villager (Male) |
| 26:58 | Create | Villager (Male) |
| 26:59 | Create | Villager (Male) |
| 27:01 | Build | Farm |
Match timeline
| 1:55 | Uykusuz_AnTiMeTaIsT · wall_segment Palisade Wall x1 |
| 1:56 | Uykusuz_AnTiMeTaIsT · wall_segment Palisade Wall x1 |
| 2:05 | Uykusuz_AnTiMeTaIsT · wall_segment Palisade Wall x1 |
| 2:05 | Uykusuz_AnTiMeTaIsT · wall_segment Palisade Wall x1 |
| 2:07 | Uykusuz_AnTiMeTaIsT · wall_segment Palisade Wall x1 |
| 2:07 | Uykusuz_AnTiMeTaIsT · wall_segment Palisade Wall x1 |
| 2:48 | Uykusuz_AnTiMeTaIsT · wall_segment Palisade Wall x1 |
| 3:51 | Juniur_Theos · wall_segment Palisade Wall x1 |
| 3:53 | Juniur_Theos · wall_segment Palisade Wall x1 |
| 3:54 | Juniur_Theos · wall_segment Palisade Wall x1 |
| 3:56 | Juniur_Theos · wall_segment Palisade Wall x1 |
| 4:57 | istakoski · wall_segment Palisade Wall x1 |
| 5:13 | istakoski · wall_segment Palisade Wall x1 |
| 6:52 | Uykusuz_AnTiMeTaIsT · first_building Dock |
| 9:18 | Juniur_Theos · first_building Barracks |
| 9:21 | Duhuulu Cenker · first_building Barracks |
| 10:22 | Duhuulu Cenker · age_up feudal |
| 10:45 | Juniur_Theos · wall_segment Palisade Wall x10 |
| 10:50 | Duhuulu Cenker · first_building Stable |
| 11:02 | nikita · first_building Barracks |
| 11:16 | Juniur_Theos · age_up feudal |
| 11:19 | Juniur_Theos · first_building Archery Range |
| 11:42 | ATABEY · wall_segment Palisade Wall x8 |
| 12:11 | ATABEY · age_up feudal |
| 12:11 | nikita · age_up feudal |
| 12:21 | ONBAŞI YAMTAR · age_up feudal |
| 12:29 | nikita · first_building Archery Range |
| 12:39 | istakoski · wall_segment Palisade Wall x1 |
| 12:42 | istakoski · wall_segment Palisade Wall x1 |
| 12:45 | DuhuluDubrisi · first_building Barracks |
| 13:02 | istakoski · age_up feudal |
| 13:04 | Uykusuz_AnTiMeTaIsT · age_up feudal |
| 13:05 | ATABEY · first_market_sell 100 wood |
| 13:19 | ONBAŞI YAMTAR · first_market_sell 100 stone |
| 13:28 | DuhuluDubrisi · age_up feudal |
| 13:35 | DuhuluDubrisi · first_building Archery Range |
| 14:12 | Uykusuz_AnTiMeTaIsT · wall_segment Stone Wall x1 |
| 15:19 | istakoski · first_market_sell 100 food |
| 15:21 | istakoski · first_market_buy 100 stone |
| 15:27 | nikita · wall_segment Palisade Wall x1 |
| 15:28 | ATABEY · wall_segment Palisade Wall x1 |
| 15:28 | nikita · wall_segment Palisade Wall x1 |
| 15:29 | nikita · wall_segment Palisade Wall x1 |
| 15:30 | Juniur_Theos · wall_segment Palisade Wall x6 |
| 15:31 | ATABEY · wall_segment Palisade Wall x1 |
| 15:33 | ONBAŞI YAMTAR · wall_segment Palisade Wall x1 |
| 15:34 | ONBAŞI YAMTAR · wall_segment Palisade Wall x1 |
| 15:35 | Juniur_Theos · wall_segment Palisade Wall x5 |
| 15:36 | ATABEY · wall_segment Palisade Wall x1 |
| 15:38 | Uykusuz_AnTiMeTaIsT · wall_segment Palisade Wall x1 |
| 15:43 | Uykusuz_AnTiMeTaIsT · wall_segment Palisade Wall x1 |
| 15:49 | ATABEY · wall_segment Palisade Wall x1 |
| 15:54 | ATABEY · wall_segment Palisade Wall x1 |
| 16:03 | ATABEY · wall_segment Palisade Wall x1 |
| 16:06 | ATABEY · age_up castle |
| 16:10 | ATABEY · first_building Castle |
| 16:14 | Uykusuz_AnTiMeTaIsT · wall_segment Palisade Wall x1 |
| 16:16 | Uykusuz_AnTiMeTaIsT · wall_segment Palisade Wall x1 |
| 16:17 | Uykusuz_AnTiMeTaIsT · wall_segment Palisade Wall x1 |
| 16:18 | Uykusuz_AnTiMeTaIsT · wall_segment Palisade Wall x1 |
| 16:20 | ONBAŞI YAMTAR · age_up castle |
| 16:28 | ONBAŞI YAMTAR · first_building Castle |
| 16:36 | istakoski · age_up castle |
| 17:18 | nikita · age_up castle |
| 17:42 | Uykusuz_AnTiMeTaIsT · age_up castle |
| 17:48 | Uykusuz_AnTiMeTaIsT · first_building Castle |
| 18:25 | ATABEY · first_building Siege Workshop |
| 18:50 | Uykusuz_AnTiMeTaIsT · wall_segment Palisade Wall x1 |
| 19:00 | ONBAŞI YAMTAR · first_market_buy 100 wood |
| 19:31 | Duhuulu Cenker · age_up castle |
| 20:05 | Juniur_Theos · first_market_buy 100 food |
| 20:09 | Uykusuz_AnTiMeTaIsT · wall_segment Palisade Wall x1 |
| 21:30 | Juniur_Theos · first_market_sell 100 wood |
| 21:43 | DuhuluDubrisi · first_market_sell 100 wood |
| 22:18 | DuhuluDubrisi · first_market_buy 100 food |
| 23:19 | Uykusuz_AnTiMeTaIsT · first_building Monastery |
| 23:27 | Uykusuz_AnTiMeTaIsT · first_market_buy 100 food |
| 24:27 | nikita · first_market_buy 100 food |
| 25:00 | DuhuluDubrisi · age_up castle |
| 25:01 | ATABEY · first_building Monastery |
| 26:14 | Uykusuz_AnTiMeTaIsT · first_building Barracks |
| 26:57 | Juniur_Theos · age_up castle |
| 27:28 | nikita · first_building Siege Workshop |
| 27:53 | Juniur_Theos · first_building Siege Workshop |
| 28:11 | Uykusuz_AnTiMeTaIsT · first_building Stable |
| 28:17 | istakoski · first_building Castle |
| 28:42 | Duhuulu Cenker · first_building Siege Workshop |
| 29:33 | nikita · first_market_sell 100 wood |
| 32:04 | istakoski · first_building Barracks |
| 32:08 | nikita · wall_segment Palisade Wall x1 |
| 32:26 | nikita · first_building Castle |
| 32:46 | istakoski · age_up imperial |
| 33:07 | istakoski · first_building Stable |
| 34:25 | Duhuulu Cenker · first_market_buy 100 stone |
| 34:35 | Uykusuz_AnTiMeTaIsT · first_building Archery Range |
| 36:28 | Juniur_Theos · first_building Castle |
| 36:45 | ONBAŞI YAMTAR · resign |
[ AI ANALYSIS · 1 CREDIT ]
What really happened in this match?
Wolo.gg analyzes every decision: build order, eco, micro, common mistakes by bracket. Personalized analysis on WhatsApp or Discord in 30 seconds.
Civ guide
Koreans
Map guide
African Clearing
Perfil
Jugador #17522964